[ PARTIDA AOE2 · #504635578 ]
UnrankedPolacos vs Maya
Equipo del jugador · VICT
Equipo rival · DERR
[ ANÁLISIS DE REPETICIÓN · EXTRAÍDO DE LA PARTIDA GRABADA ]
Feudal
8:52
Castillos
21:32
Imperial
32:00
| APM promedio | 57.7 |
| APM pico | 112 |
| eAPM promedio | 32.9 |
| Aldeanos / militares | 120 / 54 |
Foco
⚔️ 32.4% · 🌾 67.6%
Skirmisher ×18 · Obuch ×17 · Mangonel ×7 · Knight ×5 · Monk ×4 · Trebuchet (Packed) ×3
Feudal
10:09
Castillos
22:26
Imperial
34:12
| APM promedio | 52.7 |
| APM pico | 122 |
| eAPM promedio | 30.5 |
| Aldeanos / militares | 97 / 81 |
Foco
⚔️ 30.7% · 🌾 69.3%
Plumed Archer ×47 · Eagle Scout ×30 · Petard ×3 · Trebuchet (Packed) ×1
Mapa de la partida
Recursos iniciales + cada clic de construcción. Líneas = muros · curvas = relieve. ◆ oro · ⬟ piedra · ● bayas · ✦ reliquia · ◌ hueco del cierre
Tu base· ✓ Cerrada en 21:32 · 1t muro · 2 puerta(s)
Base de Bartlebee the Byzantine· ✓ Cerrada en 22:26 · 27t muro · 2 puerta(s)
Terreno inicial suavizado · ◌ = hueco del cierre detectado · pasá el cursor para detalles
Inputs por minuto
— Potro Occidental - - Bartlebee the Byzantine
Build order — Potro Occidental
Primeras 150 de 284 acciones detectadas
| 0:01 | Encolar | Villager (Male) |
| 0:02 | Encolar | Villager (Male) |
| 0:02 | Encolar | Villager (Male) |
| 0:02 | Encolar | Villager (Male) |
| 0:03 | Construir | House |
| 0:05 | Construir | House |
| 1:26 | Encolar | Villager (Male) |
| 1:26 | Encolar | Villager (Male) |
| 2:03 | Encolar | Villager (Male) |
| 2:04 | Encolar | Villager (Male) |
| 2:27 | Encolar | Villager (Male) |
| 2:27 | Encolar | Villager (Male) |
| 2:28 | Encolar | Villager (Male) |
| 2:40 | Construir | Lumber Camp |
| 3:14 | Encolar | Villager (Male) |
| 3:14 | Encolar | Villager (Male) |
| 3:15 | Encolar | Villager (Male) |
| 3:15 | Encolar | Villager (Male) |
| 3:38 | Encolar | Villager (Male) |
| 3:38 | Encolar | Villager (Male) |
| 3:48 | Construir | House |
| 5:01 | Encolar | Villager (Male) |
| 5:11 | Encolar | Villager (Male) |
| 5:32 | Encolar | Villager (Male) |
| 5:40 | Construir | Mining Camp |
| 6:17 | Investigar | Loom |
| 6:25 | Investigar | Feudal Age |
| 6:25 | Investigar | Feudal Age |
| 7:27 | Construir | Mill |
| 8:44 | Encolar | Villager (Male) |
| 8:52 | Edad | Edad Feudal |
| 8:53 | Investigar | Double-Bit Axe |
| 8:54 | Investigar | Double-Bit Axe |
| 8:58 | Encolar | Villager (Male) |
| 9:10 | Construir | Watch Tower |
| 9:21 | Encolar | Villager (Male) |
| 10:00 | Encolar | Villager (Male) |
| 10:09 | Construir | House |
| 10:12 | Encolar | Villager (Male) |
| 10:26 | Encolar | Villager (Male) |
| 10:41 | Encolar | Villager (Male) |
| 10:48 | Encolar | Villager (Male) |
| 10:53 | Construir | Blacksmith |
| 10:58 | Encolar | Villager (Male) |
| 11:20 | Construir | Watch Tower |
| 11:39 | Construir | Farm |
| 11:43 | Construir | Watch Tower |
| 11:52 | Construir | Watch Tower |
| 12:00 | Construir | Farm |
| 12:04 | Encolar | Villager (Male) |
| 12:14 | Construir | House |
| 12:17 | Encolar | Villager (Male) |
| 12:21 | Construir | Farm |
| 12:29 | Construir | Watch Tower |
| 12:38 | Investigar | Fletching |
| 12:38 | Investigar | Fletching |
| 12:47 | Encolar | Villager (Male) |
| 13:05 | Encolar | Villager (Male) |
| 13:17 | Encolar | Villager (Male) |
| 13:30 | Construir | Farm |
| 13:33 | Construir | Farm |
| 13:39 | Construir | House |
| 13:51 | Construir | Watch Tower |
| 14:02 | Encolar | Villager (Male) |
| 14:15 | Construir | Palisade Wall |
| 14:17 | Encolar | Villager (Male) |
| 14:21 | Construir | Watch Tower |
| 14:33 | Encolar | Villager (Male) |
| 14:33 | Encolar | Villager (Male) |
| 14:43 | Encolar | Villager (Male) |
| 15:07 | Construir | Watch Tower |
| 15:11 | Encolar | Villager (Male) |
| 15:33 | Encolar | Villager (Male) |
| 15:49 | Encolar | Villager (Male) |
| 15:52 | Construir | Market |
| 15:53 | Encolar | Villager (Male) |
| 16:01 | Construir | Watch Tower |
| 16:02 | Encolar | Villager (Male) |
| 16:13 | Construir | House |
| 16:23 | Investigar | Horse Collar |
| 16:39 | Encolar | Villager (Male) |
| 16:45 | Encolar | Villager (Male) |
| 17:03 | Encolar | Villager (Male) |
| 17:11 | Construir | Watch Tower |
| 17:12 | Encolar | Villager (Male) |
| 17:12 | Encolar | Villager (Male) |
| 17:12 | Encolar | Villager (Male) |
| 17:20 | Construir | Farm |
| 17:33 | Encolar | Villager (Male) |
| 17:33 | Encolar | Villager (Male) |
| 17:39 | Encolar | Villager (Male) |
| 17:44 | Construir | Farm |
| 17:45 | Construir | Mill |
| 17:49 | Construir | Farm |
| 18:01 | Encolar | Villager (Male) |
| 18:16 | Construir | House |
| 18:18 | Encolar | Villager (Male) |
| 18:26 | Encolar | Villager (Male) |
| 18:31 | Encolar | Villager (Male) |
| 18:38 | Construir | Farm |
| 18:47 | Investigar | Castle Age |
| 19:10 | Construir | Lumber Camp |
| 19:14 | Encolar | Villager (Male) |
| 19:17 | Encolar | Villager (Male) |
| 20:13 | Construir | Watch Tower |
| 20:41 | Encolar | Villager (Male) |
| 20:51 | Construir | Outpost |
| 21:23 | Construir | Outpost |
| 21:32 | Edad | Edad de los Castillos |
| 21:34 | Construir | University |
| 21:38 | Investigar | Bow Saw |
| 21:38 | Investigar | Bow Saw |
| 21:39 | Encolar | Villager (Male) |
| 21:42 | Construir | Farm |
| 21:49 | Investigar | Bodkin Arrow |
| 21:51 | Encolar | Villager (Male) |
| 21:53 | Construir | Farm |
| 22:09 | Construir | House |
| 22:14 | Encolar | Villager (Male) |
| 22:40 | Encolar | Villager (Male) |
| 23:00 | Encolar | Villager (Male) |
| 23:07 | Investigar | Guard Tower (upgrade) |
| 23:08 | Investigar | Guard Tower (upgrade) |
| 23:08 | Encolar | Villager (Male) |
| 23:18 | Encolar | Villager (Male) |
| 23:29 | Construir | Castle |
| 23:35 | Encolar | Villager (Male) |
| 23:37 | Construir | Farm |
| 23:40 | Construir | Farm |
| 23:42 | Construir | Farm |
| 23:45 | Construir | Farm |
| 23:49 | Construir | Mining Camp |
| 23:56 | Construir | Lumber Camp |
| 23:58 | Encolar | Villager (Male) |
| 24:03 | Investigar | Heavy Plow |
| 24:03 | Investigar | Heavy Plow |
| 24:18 | Encolar | Villager (Male) |
| 24:20 | Encolar | Villager (Male) |
| 24:40 | Construir | Mining Camp |
| 24:42 | Encolar | Villager (Male) |
| 24:53 | Construir | Siege Workshop |
| 25:01 | Construir | Monastery |
| 25:03 | Encolar | Villager (Male) |
| 25:25 | Encolar | Villager (Male) |
| 25:30 | Encolar | Mangonel |
| 25:38 | Investigar | Stone Mining |
| 25:39 | Investigar | Stone Mining |
| 25:42 | Encolar | Monk |
| 25:59 | Encolar | Villager (Male) |
| 26:02 | Construir | Farm |
Build order — Bartlebee the Byzantine
Primeras 150 de 331 acciones detectadas
| 0:02 | Investigar | Loom |
| 0:02 | Investigar | Loom |
| 0:03 | Construir | House |
| 0:05 | Construir | House |
| 0:07 | Encolar | Villager (Male) |
| 0:08 | Encolar | Villager (Male) |
| 0:11 | Encolar | Villager (Male) |
| 0:11 | Encolar | Villager (Male) |
| 1:26 | Encolar | Villager (Male) |
| 1:26 | Encolar | Villager (Male) |
| 2:04 | Construir | Lumber Camp |
| 2:08 | Encolar | Villager (Male) |
| 2:31 | Encolar | Villager (Male) |
| 2:31 | Encolar | Villager (Male) |
| 2:56 | Encolar | Villager (Male) |
| 3:33 | Encolar | Villager (Male) |
| 3:34 | Encolar | Villager (Male) |
| 3:50 | Construir | House |
| 4:08 | Encolar | Villager (Male) |
| 4:36 | Construir | Mill |
| 4:39 | Encolar | Villager (Male) |
| 4:56 | Encolar | Villager (Male) |
| 5:28 | Encolar | Villager (Male) |
| 5:45 | Encolar | Villager (Male) |
| 5:45 | Encolar | Villager (Male) |
| 5:52 | Encolar | Villager (Male) |
| 5:55 | Encolar | Villager (Male) |
| 5:59 | Encolar | Villager (Male) |
| 6:04 | Construir | House |
| 6:12 | Encolar | Villager (Male) |
| 6:47 | Encolar | Villager (Male) |
| 7:08 | Encolar | Villager (Male) |
| 7:13 | Construir | Mill |
| 7:33 | Encolar | Villager (Male) |
| 7:55 | Investigar | Feudal Age |
| 8:07 | Construir | Mining Camp |
| 8:16 | Construir | House |
| 8:48 | Encolar | Villager (Male) |
| 8:48 | Encolar | Villager (Male) |
| 9:36 | Construir | Palisade Wall |
| 9:39 | Construir | Palisade Wall |
| 9:52 | Construir | Palisade Wall |
| 9:55 | Construir | Palisade Wall |
| 10:09 | Edad | Edad Feudal |
| 10:13 | Construir | Palisade Wall |
| 10:24 | Construir | Watch Tower |
| 10:29 | Encolar | Villager (Male) |
| 10:34 | Construir | Mining Camp |
| 10:35 | Encolar | Villager (Male) |
| 10:52 | Encolar | Villager (Male) |
| 11:03 | Construir | Blacksmith |
| 11:27 | Construir | Barracks |
| 11:38 | Encolar | Villager (Male) |
| 11:45 | Investigar | Fletching |
| 11:45 | Investigar | Fletching |
| 12:07 | Construir | Watch Tower |
| 12:16 | Construir | Watch Tower |
| 12:23 | Construir | Lumber Camp |
| 12:24 | Encolar | Villager (Male) |
| 12:35 | Encolar | Villager (Male) |
| 12:44 | Investigar | Double-Bit Axe |
| 12:49 | Encolar | Villager (Male) |
| 13:03 | Encolar | Villager (Male) |
| 13:07 | Construir | House |
| 13:33 | Construir | House |
| 13:45 | Construir | Watch Tower |
| 13:48 | Encolar | Villager (Male) |
| 13:51 | Encolar | Villager (Male) |
| 14:04 | Encolar | Villager (Male) |
| 14:09 | Construir | Farm |
| 14:12 | Construir | Farm |
| 14:13 | Encolar | Villager (Male) |
| 14:21 | Construir | Farm |
| 14:23 | Construir | Farm |
| 14:57 | Construir | House |
| 14:59 | Construir | Farm |
| 15:08 | Construir | Market |
| 15:12 | Construir | Market |
| 15:17 | Encolar | Villager (Male) |
| 15:25 | Construir | Farm |
| 15:27 | Construir | Farm |
| 15:49 | Construir | Farm |
| 15:51 | Encolar | Villager (Male) |
| 16:12 | Construir | Farm |
| 16:13 | Construir | Farm |
| 16:15 | Construir | House |
| 16:28 | Construir | Watch Tower |
| 16:32 | Encolar | Villager (Male) |
| 16:37 | Construir | Farm |
| 16:48 | Construir | Watch Tower |
| 17:02 | Construir | Palisade Wall |
| 17:04 | Encolar | Villager (Male) |
| 17:07 | Construir | Farm |
| 17:08 | Construir | Farm |
| 17:11 | Construir | Farm |
| 17:42 | Construir | House |
| 17:46 | Construir | House |
| 17:47 | Construir | House |
| 17:48 | Encolar | Villager (Male) |
| 17:55 | Construir | Farm |
| 18:10 | Encolar | Villager (Male) |
| 18:24 | Construir | Farm |
| 18:32 | Encolar | Villager (Male) |
| 18:43 | Construir | Mill |
| 18:46 | Encolar | Villager (Male) |
| 18:51 | Construir | Farm |
| 19:06 | Encolar | Villager (Male) |
| 19:46 | Investigar | Castle Age |
| 19:46 | Investigar | Castle Age |
| 20:31 | Investigar | Gold Mining |
| 20:34 | Investigar | Gold Mining |
| 20:56 | Investigar | Horse Collar |
| 21:26 | Investigar | Stone Mining |
| 22:21 | Encolar | Villager (Male) |
| 22:26 | Edad | Edad de los Castillos |
| 22:31 | Construir | Castle |
| 22:53 | Encolar | Villager (Male) |
| 22:54 | Encolar | Villager (Male) |
| 22:57 | Construir | House |
| 22:58 | Construir | House |
| 23:06 | Construir | Town Center |
| 23:16 | Encolar | Villager (Male) |
| 23:18 | Construir | House |
| 23:18 | Construir | House |
| 23:22 | Investigar | Heavy Plow |
| 23:24 | Investigar | Bow Saw |
| 23:24 | Investigar | Bow Saw |
| 23:40 | Encolar | Villager (Male) |
| 23:40 | Encolar | Plumed Archer |
| 23:41 | Encolar | Plumed Archer ×4 |
| 24:15 | Construir | Farm |
| 24:18 | Encolar | Plumed Archer |
| 24:28 | Encolar | Plumed Archer |
| 24:39 | Encolar | Villager (Male) |
| 24:39 | Encolar | Villager (Male) |
| 24:51 | Encolar | Plumed Archer |
| 25:20 | Investigar | Bodkin Arrow |
| 25:21 | Investigar | Bodkin Arrow |
| 25:21 | Encolar | Plumed Archer |
| 25:35 | Construir | Lumber Camp |
| 25:36 | Encolar | Villager (Male) |
| 25:36 | Encolar | Villager (Male) |
| 25:42 | Encolar | Villager (Male) |
| 25:50 | Encolar | Plumed Archer |
| 25:51 | Encolar | Plumed Archer |
| 26:00 | Encolar | Villager (Male) |
| 26:14 | Encolar | Villager (Male) |
| 26:19 | Construir | Farm |
| 26:23 | Encolar | Plumed Archer |
| 26:39 | Encolar | Plumed Archer |
Cronología de la partida
| 8:52 | Potro Occidental · age_up feudal |
| 9:36 | Bartlebee the Byzantine · wall_segment Palisade Wall x1 |
| 9:39 | Bartlebee the Byzantine · wall_segment Palisade Wall x11 |
| 9:52 | Bartlebee the Byzantine · wall_segment Palisade Wall x10 |
| 9:55 | Bartlebee the Byzantine · wall_segment Palisade Wall x5 |
| 10:09 | Bartlebee the Byzantine · age_up feudal |
| 10:13 | Bartlebee the Byzantine · wall_segment Palisade Wall x1 |
| 11:27 | Bartlebee the Byzantine · first_building Barracks |
| 14:15 | Potro Occidental · wall_segment Palisade Wall x1 |
| 17:02 | Bartlebee the Byzantine · wall_segment Palisade Wall x1 |
| 19:16 | Bartlebee the Byzantine · first_market_buy 100 food |
| 19:45 | Bartlebee the Byzantine · first_market_sell 100 wood |
| 21:32 | Potro Occidental · age_up castle |
| 22:26 | Bartlebee the Byzantine · age_up castle |
| 22:31 | Bartlebee the Byzantine · first_building Castle |
| 23:29 | Potro Occidental · first_building Castle |
| 24:53 | Potro Occidental · first_building Siege Workshop |
| 25:01 | Potro Occidental · first_building Monastery |
| 26:47 | Bartlebee the Byzantine · first_building Archery Range |
| 28:49 | Potro Occidental · first_market_sell 100 wood |
| 29:09 | Potro Occidental · first_building Barracks |
| 29:39 | Potro Occidental · first_building Archery Range |
| 30:38 | Potro Occidental · first_building Stable |
| 30:49 | Bartlebee the Byzantine · first_building Monastery |
| 31:51 | Potro Occidental · first_market_buy 100 wood |
| 31:59 | Bartlebee the Byzantine · wall_segment Stone Wall x11 |
| 32:00 | Potro Occidental · age_up imperial |
| 34:12 | Bartlebee the Byzantine · age_up imperial |
| 35:06 | Potro Occidental · wall_segment Palisade Wall x1 |
| 42:40 | Bartlebee the Byzantine · resign |
[ ANÁLISIS IA · 1 CRÉDITO ]
¿Qué pasó realmente en esta partida?
Wolo.gg analiza cada decisión: build order, eco, micro, errores típicos por bracket. Análisis personalizado por WhatsApp o Discord en 30 segundos.
Guía civ
Polacos
Perfil
Jugador #9774678